 Dungeon Crawl Stone Soup version 0.23-a0-143-g1adec7b (webtiles) character file.

22 rayofluck the Ducker (level 2, -7/14 HPs)
             Began as a Felid Berserker on Sept 6, 2018.
             Was a Follower of Trog.
             Mangled by a worm (12 damage)
             ... on level 2 of the Dungeon.
             The game lasted 00:03:07 (510 turns).

rayofluck the Ducker (Felid Berserker)               Turns: 510, Time: 00:03:07

Health: -7/14      AC:  1    Str: 13    XL:     2   Next: 68%
Magic:  3/3        EV: 19    Int:  8    God:    Trog [*.....]
Gold:   33         SH:  0    Dex: 15    Spells: 1/1 levels left
                                        Lives:  0   Deaths: 0

rFire    . . .     SeeInvis +     - Unarmed
rCold    . . .     Gourm    .   (shield unavailable)
rNeg     . . .     Faith    .   (armour unavailable)
rPois    .         Spirit   .   (helmet unavailable)
rElec    .         Reflect  .   (cloak unavailable)
rCorr    .         Harm     .   (gloves unavailable)
MR       .....                  (boots unavailable)
Stlth    ++........             (no amulet)
HPRegen  0.04/turn              (no ring)
MPRegen  0.08/turn              (no ring)

@: quick
A: very small, no armour, no weapons or thrown items, stealth, claws 1, fangs 3,
see invisible, carnivore, speed 1, shaggy fur 1, slow metabolism 1, sharp paws
a: Berserk, Renounce Religion


You were on level 2 of the Dungeon.
You worshipped Trog.
Trog was aware of your devotion.
You were full.

You visited 1 branch of the dungeon, and saw 2 of its levels.

You collected 33 gold pieces.

Inventory:

Scrolls
 b - a scroll of teleportation {unknown}
Comestibles
 a - 2 rations


   Skills:
 - Level 3.0 Fighting
 - Level 4.0 Dodging
 + Level 0.6 Stealth
 + Level 4.0 Unarmed Combat


You had one spell level left.
You didn't know any spells.
Your spell library was empty.

Dungeon Overview and Level Annotations

Branches:
Dungeon (2/15)

Altars:


Innate Abilities, Weirdness & Mutations

You cannot wear armour.
You are incapable of wielding weapons or throwing items.
Your paws allow you to move quietly. (Stealth)
You have sharp claws.
You have razor-sharp teeth.
You have supernaturally acute eyesight. (SInv)
You are carnivorous and can eat meat at any time.
You cover ground quickly.
You are covered in fur. (AC +1)
You have a slow metabolism.
Your sharp claws are effective at attacking unaware monsters.


Message History

Found a stone staircase leading down.
The worm bites you!
Ouch! That really hurt!
You are too injured to fight recklessly!
You are too injured to fight recklessly!
You are too injured to fight recklessly!
You are too injured to fight recklessly!
You are too injured to fight recklessly!
You barely miss the worm. The worm completely misses you.
You scratch the worm but do no damage. You scratch the worm but do no damage.
You bite the worm.
The worm is lightly wounded.
The worm misses you.
You barely miss the worm.
The worm is lightly wounded.
You scratch the worm. You bite the worm, but do no damage.
The worm is moderately wounded.
The worm bites you!
Ouch! That really hurt!
You die...

.... .. .... ... ...
.... .. ##....
#.###...... #
#.......... #
#.w........
#..@.......
#.......### ###
#.......# #..
#.......#
#.#.##.......# #
#.#>.......#.# #
#.########.#... #
#.#.....##.# ..#
#########.#.###.##.#
.#


You could see a worm.

Vanquished Creatures
  2 worms (D:2)
  A leopard gecko (D:2)
  2 goblins
  2 hobgoblins
  2 kobolds
  2 ball pythons (D:2)
  2 bats
  2 rats (D:1)
15 creatures vanquished.

Notes
Turn   | Place    | Note
-------+----------+-------------------------------------------
     0 | D:1      | rayofluck the Felid Berserker began the quest for the Orb.
     0 | D:1      | Reached XP level 1. HP: 10/10 MP: 2/2
   126 | D:1      | You fall through a shaft!
   214 | D:2      | Reached XP level 2. HP: 11/14 MP: 3/3
   510 | D:2      | Mangled by a worm

Vault maps used:
D:1:      scummos_arrival_star
D:2:      lemuel_round_altar, lemuel_round_altar,
          nicolae_overflow_crystal_walls, first_ration

Skill      XL: |  1  2 |
---------------+-------+-----
Unarmed Combat | 4 |  4.0
Fighting       | |  3.0
Dodging        | |  4.0
Stealth        | |  0.6

Action                   || total
-------------------------++-------
Melee: Unarmed           ||    53
       Bite              ||     7
       Punch             ||     1
 Stab: Distracted        ||     1
  Eat: Chunk             ||     4
Armor: Skin              ||     1
Dodge: Dodged            ||    36

Table legend:
 A = Non-vault XP
 B = Vault XP
 C = Vault XP percentage of total XP
 D = Non-vault monster count
 E = Vault monster count
 F = Vault count percentage of total count
                 A         B        C        D         E       F
            +---------+---------+-------+---------+---------+-------
      Total |      32 |       0 |   0.0 |      15 |       0 |   0.0
            +---------+---------+-------+---------+---------+-------
        D:1 |       9 |       0 |   0.0 |       6 |       0 |   0.0
        D:2 |      23 |       0 |   0.0 |       9 |       0 |   0.0
            +---------+---------+-------+---------+---------+-------
